 Dungeon Crawl Stone Soup version 0.32-a0-128-g77eb882913 (webtiles) character file.

Game seed: 16883173569700807434

43 zeratav the Trooper (level 3, 0/39 HPs)
             Began as an Oni Warper on Feb 8, 2024.
             Succumbed to an adder's poison
             ... on level 2 of the Dungeon.
             The game lasted 00:01:23 (1363 turns).

zeratav the Trooper (Oni Warper)                    Turns: 1363, Time: 00:01:24

Health: 0/39       AC:  3    Str: 17    XL:     3   Next: 58%
Magic:  6/6        EV:  9    Int: 14    God:
Gold:   97         SH:  0    Dex:  8    Spells: 4/6 levels left

rFire   . . .        a - +0 mace {mace}
rCold   . . .        (no shield)
rNeg    . . .        b - +0 robe
rPois   .            (helmet restricted)
rElec   .            (no cloak)
rCorr   .            (gloves unavailable)
SInv    .            (boots unavailable)
Will    .....        (no amulet)
Stlth   +            (no ring)
HPRegen 0.26/turn    (no ring)
MPRegen 0.10/turn

%: no passive effects
@: brilliant, lethally poisoned (0 -> -5)
A: large, unfitting armour, horns 1, tough skin 1, double potion healing,
drunken brawling
a: no special abilities


You were on level 2 of the Dungeon.
You visited 1 branch of the dungeon, and saw 2 of its levels.

You collected 97 gold pieces.


Innate Abilities, Weirdness & Mutations

You are too large for most types of armour.
You have a pair of small horns on your head.
You have tough skin. (AC +1)
You gain doubled healing and magic from potions.
Whenever you drink a healing potion, you attack all around you.


   Skills:
 + Level 4.1 Fighting
 + Level 3.0 Maces & Flails
 - Level 1.0 Throwing
 - Level 2.1 Dodging
 - Level 2.4 Spellcasting
 - Level 2.6 Translocations


You had 4 spell levels left.
You knew the following spells:

 Your Spells              Type           Power      Damage    Failure   Level
a - Blink                 Tloc           26%        N/A       12%         2

Your spell library contained the following spells:

 Spells                   Type           Power      Damage    Failure   Level
 Apportation              Tloc           26%        N/A       8%          1
 Lesser Beckoning         Tloc           26%        N/A       12%         2
 Necrotise                Necr           8%         1d4       22%         1
 Sting                    Conj/Alch      8%         1d3       22%         1
 Summon Small Mammal      Summ           8%         N/A       22%         1
 Teleport Other           Tloc           13%        N/A       22%         3
 Manifold Assault         Tloc           13%        N/A       58%         4
 Vhi's Electric Charge    Tloc/Air       16%        N/A       78%         4

Inventory:

Hand Weapons
 a - a +0 mace (weapon) {mace}
Missiles
 d - 7 darts of dispersal (quivered) {=fthrowing}
 p - 2 poisoned darts {throwing}
Armour
 b - a +0 robe (worn)
 k - a +0 cloak
   (You found it on level 1 of the Dungeon)
Scrolls
 c - a scroll of blinking {!r}
 e - 3 scrolls of identify {unknown}
 g - 2 scrolls of amnesia {unknown}
 i - a scroll of brand weapon {unknown}
 o - a scroll of silence {unknown}
Potions
 f - a potion of haste {unknown}
 h - a potion of brilliance
 j - a potion of magic
 l - 2 potions of enlightenment {unknown}
 m - a potion of degeneration {unknown}
 n - 2 potions of curing {unknown}

Dungeon Overview and Level Annotations

Branches:
Dungeon (2/15) Zot: 10615

Altars:

### ..# ##
####.#####...
#........#.#
#.†@.......#
#.#........### ..
##.......... #.
#.......# #
##..>...#
##...#.#
#.######.##.#####
.........##.....
######.........


There were no monsters in sight!


Message History

The adder bites you but does no damage.
HP[-1]
You take 1 damage, and now have 28/39 hp.
You completely miss the adder. Your headbutt misses the adder.
You feel sick.
You are no longer poisoned.
The adder bites you but does no damage. x2
HP[-1]
You take 1 damage, and now have 27/39 hp.
You miss the adder. The adder closely misses you.
You closely miss the adder. Your headbutt misses the adder.
The adder bites you.
You are poisoned.
The adder poisons you! The adder closely misses you.
HP[-2]
You take 2 damage, and now have 25/39 hp.
You hit the adder.
You feel sick. The adder closely misses you.
HP[-2]
You take 2 damage, and now have 23/39 hp.
You barely miss the adder. Your headbutt misses the adder.
You feel sick. The adder closely misses you. The adder bites you.
* * * LOW HITPOINT WARNING * * *
You are too injured to fight recklessly!
HP[-5]
You take 5 damage, and now have 18/39 hp.
You are too injured to fight recklessly!
You are too injured to fight recklessly!
You are too injured to fight recklessly!
You are too injured to fight recklessly!
You are too injured to fight recklessly!
You are too injured to fight recklessly!
You are too injured to fight recklessly!
You are too injured to fight recklessly!
You are too injured to fight recklessly!
You are too injured to fight recklessly!
You are too injured to fight recklessly!
You are too injured to fight recklessly!
You are too injured to fight recklessly!
You are too injured to fight recklessly!
You are too injured to fight recklessly!
You are too injured to fight recklessly!
You are too injured to fight recklessly!
You hit the adder but do no damage.
You feel sick. The adder completely misses you.
The adder bites you but does no damage.
You miss the adder. Your headbutt misses the adder.
You feel sick.
You are no longer poisoned.
The adder closely misses you.
HP[-1]
You take 1 damage, and now have 17/39 hp.
You hit the adder. Your headbutt misses the adder.
The adder barely misses you. x2
You hit the adder. Your headbutt misses the adder. The adder bites you.
* * * LOW HITPOINT WARNING * * *
You closely miss the adder. Your headbutt misses the adder.
The adder bites you.
* * * LOW HITPOINT WARNING * * *
You are poisoned.
The adder poisons you! The adder closely misses you.
HP[-3]
You take 3 damage, and now have 14/39 hp.
You closely miss the adder. Your headbutt misses the adder.
You feel sick. The adder bites you.
* * * LOW HITPOINT WARNING * * *
The adder barely misses you.
HP[-3]
You take 3 damage, and now have 11/39 hp.
You barely miss the adder. Your headbutt misses the adder.
You feel sick. The adder bites you.
* * * LOW HITPOINT WARNING * * *
HP[-1]
You take 1 damage, and now have 10/39 hp.
You hit the adder. Your headbutt misses the adder.
You feel sick.
You are no longer poisoned.
The adder bites you.
* * * LOW HITPOINT WARNING * * *
You are poisoned.
The adder poisons you! The adder barely misses you.
HP[-2]
You take 2 damage, and now have 8/39 hp.
You barely miss the adder. Your headbutt misses the adder.
You feel sick. The adder bites you.
* * * LOW HITPOINT WARNING * * *
You are lethally poisoned!
The adder poisons you! The adder bites you but does no damage.
HP[-3]
You take 3 damage, and now have 5/39 hp.
You hit the adder.
You kill the adder!
* * * LOW HITPOINT WARNING * * *
You feel very sick.
Your Fighting skill increases to level 4!
Your Maces & Flails skill increases to level 3!
HP[-3]
You take 3 damage, and now have 2/39 hp.
It was a potion of brilliance.
You feel clever all of a sudden.
* * * LOW HITPOINT WARNING * * *
You feel sick.
HP[-1]
You take 1 damage, and now have 1/39 hp.
It was a potion of magic.
Magic courses through your body.
You die...

Skill      XL: |  1  2  3 |
---------------+----------+-----
Fighting       | 3 4 |  4.1
Maces & Flails | 3 |  3.0
Throwing       | |  1.0
Dodging        | |  2.1
Spellcasting   | |  2.4
Translocations | |  2.6

Action                     || total
---------------------------++-------
  Melee: Mace              ||    82
         Headbutt          ||    10
         Punch             ||     1
    Use: Potion            ||     2
 Armour: Robe              ||    53
  Dodge: Dodged            ||    41

Levels and vault maps discovered:
D:1:      wander_arrival_desolate, layout_loops_corners,
          hellmonk_ecumenical_altar_watching_god, palyth_stone_intersect
D:2:      layout_loops_ring

Notes
Turn   | Place    | Note
-------+----------+-------------------------------------------
     0 | D:1      | zeratav the Oni Warper began the quest for the Orb.
     0 | D:1      | Reached XP level 1. HP: 22/22 MP: 3/3
     0 | D:1      | magus.rc [v1.9.6]
    22 | D:1      | Reached skill level 3 in Fighting
   152 | D:1      | Reached XP level 2. HP: 31/31 MP: 5/5
   161 | D:1      | Learned a level 2 spell: Blink
   269 | D:1      | Noticed a shining eye
   270 | D:1      | Noticed a great orb of eyes
   272 | D:1      | Found a faded altar of an unknown god.
   284 | D:1      | Noticed a great orb of eyes
   284 | D:1      | Noticed a shining eye
   373 | D:1      | You pick up a book of Cantrips and begin reading...
   373 | D:1      | You add the spells Sting, Necrotise, Summon Small Mammal
                  | and Apportation to your library.
   725 | D:1      | Reached XP level 3. HP: 39/39 MP: 6/6
  1359 | D:2      | HP: 9/39 [poisoned by an adder]
  1361 | D:2      | HP: 2/39 [poisoned by an adder]
  1362 | D:2      | Reached skill level 4 in Fighting
  1362 | D:2      | Reached skill level 3 in Maces & Flails
  1363 | D:2      | Succumbed to an adder's poison

Vanquished Creatures
  An adder (D:2)
  A ribbon worm (D:2)
  2 dart slugs (D:1)
  3 bats (D:1)
  2 giant cockroaches
  3 goblins
  6 hobgoblins (D:1)
  2 quokkas (D:1)
  A ball python (D:2)
  A kobold (D:1)
  4 rats
26 creatures vanquished.

Table legend:
 A = Non-vault XP
 B = Vault XP
 C = Vault XP percentage of total XP
 D = Non-vault monster count
 E = Vault monster count
 F = Vault count percentage of total count
                 A         B        C        D         E       F
            +---------+---------+-------+---------+---------+-------
      Total |      62 |       0 |   0.0 |      26 |       0 |   0.0
            +---------+---------+-------+---------+---------+-------
        D:1 |      38 |       0 |   0.0 |      20 |       0 |   0.0
        D:2 |      24 |       0 |   0.0 |       6 |       0 |   0.0
            +---------+---------+-------+---------+---------+-------

Skill      XL: |  1  2  3 |
---------------+----------+-----
Fighting       | 3 4 |  4.1
Maces & Flails | 3 |  3.0
Throwing       | |  1.0
Dodging        | |  2.1
Spellcasting   | |  2.4
Translocations | |  2.6

Action                     || total
---------------------------++-------
  Melee: Mace              ||    82
         Headbutt          ||    10
         Punch             ||     1
    Use: Potion            ||     2
 Armour: Robe              ||    53
  Dodge: Dodged            ||    41

Illustrated notes

Table legend:
 A = Kills in this place as a percentage of kills in the entire game.
 B = Kills by you in this place as a percentage of kills by you in the entire game.
 C = Kills by friends in this place as a percentage of kills by friends in the entire game.
 D = Other kills in this place as a percentage of other kills in the entire game.
 E = Experience gained in this place as a percentage of experience gained in the entire game.
 F = Experience gained in this place divided by the number of levels of this place that you have seen.
                   A       B       C       D       E      F
               +-------+-------+-------+-------+-------+----------------------
         Total | 100.0 | 100.0 |   N/A |   N/A | 100.0 |  31.0
       Dungeon | 100.0 | 100.0 |   N/A |   N/A | 100.0 |  31.0
               +-------+-------+-------+-------+-------+----------------------

Table legend: (Time is in decaauts)
 A = Elapsed time spent in this place.
 B = Non-inter-level travel time spent in this place.
 C = Inter-level travel time spent in this place.
 D = Time resting spent in this place.
 E = Time spent auto-exploring this place.
 F = Levels seen in this place.
 G = Mean time per level.
                   A        B        C        D        E       F      G
               +--------+--------+--------+--------+--------+-----+--------+
         Total |   1384 |   1375 |      9 |     38 |   1136 |   2 |  692.0 |
       Dungeon |   1384 |   1375 |      9 |     38 |   1136 |   2 |  692.0 |
               +--------+--------+--------+--------+--------+-----+--------+

Top non-repeatable levels by time:
     D:1: 977 daAuts
     D:2: 407 daAuts
